Map: Templo Congelado

Players

TheZergLord - Winner!

  • Race: Zerg Zerg
  • League: Master

Musti

  • Race: Terran Terran
  • League: Master

VOD

Have the link to the VOD?

Description

Time

  • Played on: May 23, 2016, 7:22 a.m.
  • Length: 16:43
Show
View Real Time Build Order
Export as new Build Order

TheZergLord Zerg - Winner!

Build Orders: Hatch First, Muta Ling Bane 

Get SALT Encoding   

  12  0:01  Drone  
  13  0:12  Overlord  
  13  0:18  Drone  
  14  0:31  Drone  
  14  0:32  Drone  
  16  0:36  Drone  
  17  0:52  Hatchery  
  17  0:55  Drone  
  17  1:09  Spawning Pool  
  16  1:12  Drone  
  16  1:15  Extractor  
  16  1:17  Drone  
  17  1:20  Drone  
  18  1:28  Drone  
  19  1:39  Overlord  
  19  1:56  Queen, Zergling x2  
  19  2:01  Zergling x2  
  23  2:05  Queen, Zergling x2  
  26  2:11  Drone  
  27  2:16  Metabolic Boost  
  27  2:17  Drone  
  28  2:25  Drone  
  28  2:29  Drone  
  30  2:35  Drone  
  30  2:41  Drone  
  31  2:52  Hatchery  
  30  3:00  Queen  
  30  3:03  Overlord  
  30  3:04  Drone x3  
  35  3:24  Drone x2  
  35  3:25  Overlord  
  35  3:26  Drone x5  
  42  3:31  Drone  
  43  3:48  Queen x2, Drone  
  44  3:51  Overlord x2  
  44  3:52  Drone  
  44  3:53  Drone  
  44  3:54  Drone  
  51  4:09  Queen  
  53  4:14  Drone  
  53  4:15  Drone x2  
  56  4:17  Drone x2  
  56  4:18  Drone x3  
  61  4:29  Lair, Overlord  
  61  4:32  Drone x3  
  61  4:33  Drone  
  61  4:35  Overlord x2  
  65  4:42  Evolution Chamber, Baneling Nest  
  63  4:46  Drone x2  
  63  4:48  Zergling x4  
  63  4:49  Zergling x8  
  63  4:50  Zergling x2  
  63  4:51  Zergling x2  
  73  5:03  Drone  
  73  5:07  Zergling x12  
  76  5:13  Hatchery  
  79  5:17  Drone x4  
  79  5:18  Drone  
  84  5:28  Drone x4  
  88  5:31  Extractor  
  88  5:32  Drone x2, Extractor  
  88  5:34  Extractor  
  87  5:35  Extractor  
  87  5:37  Hatchery  
  84  5:44  Drone  
  84  5:45  Drone x4  
  84  5:49  Extractor  
  88  5:53  Drone x2  
  89  6:00  Spire  
  88  6:05  Drone x2  
  89  6:20  Zerg Ground Armor Level 1  
  85  6:29  Zergling x4  
  85  6:31  Overlord  
  85  6:32  Hatchery, Overlord x4  
  81  6:33  Overlord x2  
  76  6:54  Queen, Drone x11  
  80  6:59  Centrifical Hooks  
  80  7:00  Zergling x8  
  80  7:01  Zergling x4  
  95  7:07  Baneling x3  
  95  7:08  Baneling  
  95  7:15  Zergling x12  
  100  7:16  Zergling x2  
  100  7:22  Mutalisk x3  
  102  7:24  Pneumatized Carapace  
  102  7:25  Overseer  
  102  7:27  Mutalisk x3  
  114  7:32  Mutalisk  
  114  7:33  Mutalisk  
  114  7:35  Zergling x4  
  120  7:38  Zergling x4  
  120  7:43  Baneling x4  
  122  7:44  Zergling x4  
  122  7:45  Evolution Chamber  
  123  7:56  Zergling x18  
  123  7:57  Zergling x2  
  133  7:58  Baneling  
  133  7:59  Baneling x13  
  119  8:24  Drone x12  
  119  8:27  Zerg Ground Armor Level 2, Extractor x2  
  123  8:28  Zerg Melee Weapons Level 1  
  123  8:30  Infestation Pit  
  121  8:34  Overlord x2  
  115  8:51  Hatchery  
  115  8:52  Zergling x2  
  115  8:53  Zergling x40  
  129  9:09  Zergling x18  
  138  9:12  Baneling x4  
  138  9:13  Hive  
  138  9:14  Baneling x3  
  138  9:15  Baneling x3  
  138  9:18  Zergling x18  
  138  9:21  Mutalisk x2  
  151  9:42  Zergling x2  
  151  9:43  Zergling x12  
  151  9:44  Overlord x2  
  151  9:45  Overlord x6  
  157  10:06  Zergling x12  
  157  10:07  Zergling x20  
  150  10:12  Queen  
  138  10:26  Baneling  
  138  10:27  Baneling x5  
  138  10:31  Ultralisk Cavern, Adrenal Glands  
  137  10:37  Mutalisk x6  
  137  10:38  Mutalisk x3  
  155  10:52  Mutalisk  
  155  10:53  Mutalisk x3  
  155  10:56  Baneling x8  
  155  10:57  Zergling x12, Spine Crawler x2  
  167  11:04  Zergling x6  
  167  11:05  Zergling x10  
  175  11:20  Zergling x26  
  184  11:44  Chitinous Plating, Zerg Ground Armor Level 3, Zerg Melee Weapons Level 2  
  175  11:57  Ultralisk x4  
  194  12:12  Ultralisk  
  194  12:14  Zergling x4  
  199  12:19  Baneling  
  199  12:20  Baneling x6  
  199  12:21  Baneling x4  
  198  12:30  Zergling x2  
  174  12:55  Ultralisk x5  
  192  13:27  Ultralisk  
  193  13:56  Zergling x12  
  199  14:03  Zerg Melee Weapons Level 3  
  162  14:40  Corruptor  
  162  14:41  Corruptor x19  
  187  14:52  Corruptor x2  
  175  14:55  Zergling x16  
  175  14:56  Zergling x32  
  193  15:07  Zergling x2, Ultralisk  
  193  15:08  Zergling x4  
  164  15:40  Ultralisk x4  
  187  15:45  Drone x2  
  187  15:46  Drone x10  
  187  15:49  Extractor  
  195  16:02  Extractor  
  192  16:04  Ultralisk x2  
  192  16:05  Zergling x2  
  193  16:24  Zergling x12  
Show
View Real Time Build Order
Export as new Build Order

Musti Terran 

Build Orders: Reaper Expand, MMM Bio 

Get SALT Encoding   

  12  0:01  SCV  
  13  0:13  SCV  
  14  0:18  Supply Depot  
  14  0:25  SCV  
  15  0:40  SCV  
  15  0:41  Barracks  
  16  0:46  Refinery  
  16  0:52  SCV  
  18  1:04  SCV  
  18  1:16  SCV  
  19  1:30  Orbital Command  
  19  1:31  Reaper  
  20  1:44  Command Center  
  20  1:57  Refinery, Supply Depot  
  20  1:58  SCV  
  21  2:09  Barracks Reactor  
  21  2:10  SCV  
  21  2:14  Barracks  
  22  2:26  Factory  
  22  2:34  SCV  
  23  2:46  SCV  
  24  2:58  SCV  
  25  3:04  Barracks Tech Lab, Marine x2  
  28  3:08  Orbital Command  
  28  3:10  SCV  
  28  3:22  SCV, Marine x2  
  28  3:23  Marine  
  32  3:27  Starport  
  32  3:30  Factory Reactor  
  32  3:36  Stimpack  
  32  3:38  SCV  
  32  3:39  Marine  
  34  3:48  Marine x2  
  34  3:49  SCV  
  34  3:52  Supply Depot  
  34  3:55  SCV  
  38  4:01  SCV, Marine  
  40  4:06  Marine  
  40  4:07  SCV  
  42  4:13  SCV, Marine  
  42  4:15  Factory Reactor  
  44  4:19  SCV, Marine  
  44  4:21  Medivac, Supply Depot  
  48  4:24  Medivac  
  48  4:25  SCV  
  48  4:26  Marine  
  53  4:31  SCV  
  53  4:33  Marine  
  54  4:41  Supply Depot  
  54  4:42  SCV, Marine  
  54  4:43  SCV, Marine  
  54  4:44  Supply Depot  
  58  4:50  Marine  
  59  4:54  SCV  
  59  4:55  SCV  
  59  4:58  Factory Reactor  
  61  5:00  Marine  
  61  5:03  Starport Reactor  
  61  5:06  SCV  
  63  5:07  SCV  
  64  5:18  SCV, Command Center  
  64  5:19  SCV  
  64  5:20  Barracks  
  64  5:21  Barracks  
  66  5:26  Refinery  
  66  5:27  Refinery  
  66  5:29  Engineering Bay x2  
  66  5:31  SCV, Marine  
  66  5:32  SCV  
  69  5:43  SCV  
  69  5:44  SCV, Marine  
  72  5:51  Marine x2  
  72  5:55  SCV  
  72  5:56  SCV, Terran Infantry Armor Level 1, Terran Infantry Weapons Level 1  
  75  6:02  Marine  
  76  6:07  SCV  
  76  6:08  SCV, Marine  
  76  6:10  Combat Shields  
  78  6:17  Medivac, Marine x4  
  78  6:18  Armory  
  84  6:19  Marine  
  84  6:20  SCV  
  83  6:26  Marine  
  83  6:31  Marine  
  83  6:32  Medivac  
  85  6:33  Orbital Command  
  82  6:47  Medivac  
  82  6:51  Marine  
  82  6:54  Marine x6  
  79  6:55  Orbital Command  
  79  6:58  SCV x2  
  86  7:02  Supply Depot x2  
  86  7:07  Widow Mine x2  
  90  7:09  Marine  
  90  7:11  Marine  
  90  7:12  Marine x5  
  90  7:14  Supply Depot  
  90  7:15  Supply Depot  
  98  7:22  SCV  
  98  7:23  SCV  
  98  7:24  SCV  
  98  7:26  Marine  
  98  7:29  Medivac, Marine  
  104  7:30  Marine  
  104  7:34  SCV, Marine x3, Marauder  
  104  7:35  SCV  
  104  7:36  SCV  
  113  7:43  Refinery  
  113  7:44  Refinery  
  113  7:47  SCV x2, Bunker  
  113  7:48  SCV  
  113  7:50  Supply Depot  
  113  7:51  Supply Depot x2  
  116  7:54  Terran Infantry Weapons Level 2  
  116  7:57  Marine, Marauder  
  119  7:59  SCV  
  119  8:00  Marine x2  
  96  8:21  Marine  
  96  8:22  Marine x5  
  96  8:24  Marine  
  96  8:25  Widow Mine  
  96  8:26  Widow Mine  
  103  8:39  Barracks, Marine  
  103  8:40  Barracks, Marine x5  
  106  8:42  Marine  
  102  8:54  Widow Mine  
  101  8:57  Marine x5  
  101  8:58  Marine  
  101  9:00  Marine, Terran Infantry Armor Level 2  
  101  9:01  Widow Mine  
  110  9:13  Supply Depot  
  110  9:15  Marine x6  
  110  9:16  Missile Turret  
  116  9:17  Missile Turret  
  116  9:18  Marine  
  116  9:22  Widow Mine  
  116  9:23  Command Center  
  119  9:27  Barracks Reactor  
  119  9:28  Barracks Reactor  
  119  9:29  Widow Mine  
  121  9:33  Marine x5  
  121  9:36  Marine  
  126  9:42  Missile Turret  
  126  9:47  Marauder  
  126  9:50  Marine  
  126  9:51  Widow Mine  
  131  9:58  Widow Mine  
  98  10:17  Marine x3  
  98  10:19  Widow Mine  
  98  10:20  Marine x8  
  97  10:21  Medivac  
  97  10:22  Medivac  
  97  10:27  Widow Mine, Terran Infantry Weapons Level 3  
  103  10:35  Marine x3  
  106  10:37  Marine  
  106  10:38  Marine x7  
  114  10:43  Starport  
  114  10:44  Starport  
  114  10:48  Widow Mine  
  116  10:51  Medivac  
  116  10:52  Missile Turret, Marine  
  116  10:53  Marine x2  
  116  10:55  Marine, Widow Mine  
  116  10:56  Marine x7  
  131  11:01  Liberator  
  131  11:04  Liberator  
  131  11:10  Marine x2  
  131  11:11  Marine  
  134  11:12  Planetary Fortress  
  134  11:13  Marine  
  134  11:14  Marine, Marauder  
  134  11:16  Fusion Core  
  134  11:17  Terran Infantry Armor Level 3, Widow Mine, Terran Vehicle And Ship Armor Level 1  
  140  11:19  Marine  
  140  11:21  Marine  
  140  11:22  Marine  
  140  11:24  Widow Mine  
  140  11:25  Marine x2  
  155  11:28  Marine x2  
  155  11:31  Marine x3  
  160  11:40  Marine  
  160  11:46  Marine, Marauder  
  164  11:48  Marine  
  164  11:51  Marine, Starport Reactor, Starport Tech Lab  
  163  11:56  Marine  
  163  11:58  Marine x5  
  169  12:07  Marauder  
  164  12:11  Marine  
  164  12:12  Marine  
  164  12:13  Marine x2  
  164  12:14  Liberator, Marine  
  158  12:15  Widow Mine  
  158  12:16  Marine x2, Widow Mine  
  158  12:21  Factory  
  164  12:30  Advanced Ballistics  
  164  12:34  SCV x4  
  171  12:41  Liberator x2  
  171  12:42  Liberator x2  
  171  12:43  Missile Turret  
  171  12:44  Widow Mine x2  
  155  12:57  Liberator  
  147  13:00  Marine  
  162  13:07  SCV x2  
  162  13:10  Refinery  
  162  13:12  Refinery  
  162  13:14  Marine x7, Marauder  
  174  13:22  Widow Mine x2  
  174  13:23  Marine  
  174  13:24  Liberator x3  
  174  13:25  Liberator  
  144  13:35  Marauder  
  144  13:37  Marine  
  144  13:38  Marine  
  144  13:40  Liberator  
  145  13:43  Marine  
  158  13:57  Marauder  
  158  14:02  Marine  
  163  14:07  Liberator x2  
  164  14:18  Marauder  
  164  14:24  Medivac  
  148  14:40  Marauder  
  148  14:43  Orbital Command  
  124  14:52  Marine  
  124  14:59  Marine  
  109  15:01  Marauder  
  110  15:08  Widow Mine x2  
  110  15:15  Marine  
  110  15:16  SCV x2  
  113  15:22  Marauder  
  113  15:26  Marine  
  116  15:33  Orbital Command  
  98  15:36  Widow Mine  
  92  15:44  Marauder  
  56  16:09  Marauder  
Tags
 
Add a new tag
Caveats
  • Supply blocks, unpowered buildings, or Contaminate may cause inaccurate times.
  • Supply counts are checked every 10 seconds.